Map: King Sejong Station LE

Players

Gracz

  • Race: Terran Terran
  • League: Silver

Ladko - Winner!

  • Race: Terran Terran

VOD

Have the link to the VOD?

Description

Time

  • Played on: Oct. 22, 2016, 9:51 a.m.
  • Length: 20:54
Show
View Real Time Build Order
Export as new Build Order

Gracz Terran 

Build Orders: Reaper Expand 

Get SALT Encoding   

  12  0:01  SCV  
  13  0:25  Supply Depot  
  13  0:26  Supply Depot  
  13  0:27  SCV  
  14  0:36  Refinery  
  14  0:48  Supply Depot  
  14  1:03  SCV  
  15  1:07  Barracks  
  15  1:22  Engineering Bay  
  15  1:25  SCV  
  16  1:37  SCV  
  17  1:52  Supply Depot  
  17  1:58  Reaper  
  18  2:06  SCV  
  18  2:07  Refinery  
  19  2:15  Barracks  
  19  2:18  SCV  
  19  2:20  Supply Depot  
  19  2:49  Orbital Command  
  19  3:04  Factory  
  19  3:06  Unknown, Command Center  
  19  3:10  Marine x2  
  19  3:42  SCV  
  20  3:54  SCV  
  21  4:02  Supply Depot  
  21  4:06  SCV  
  21  4:09  Supply Depot  
  22  4:11  Barracks Reactor  
  22  4:12  Barracks Tech Lab  
  22  4:13  Factory Tech Lab  
  22  4:22  Starport  
  22  4:30  SCV  
  23  4:32  Refinery  
  23  4:42  Terran Infantry Weapons Level 1, SCV  
  24  4:54  SCV  
  25  5:02  Unknown  
  25  5:04  Starport  
  24  5:22  Barracks  
  24  5:23  Barracks  
  24  5:30  Starport Reactor  
  24  5:34  Cyclone  
  28  5:38  SCV  
  28  5:42  Orbital Command  
  29  5:55  SCV  
  30  6:05  Unknown, Command Center  
  30  6:07  Starport Reactor, SCV  
  31  6:12  Factory  
  31  6:21  SCV  
  31  6:22  SCV  
  33  6:33  SCV  
  34  6:42  Barracks Tech Lab  
  34  6:44  Barracks Tech Lab  
  34  6:45  Marauder  
  36  6:47  Marine x2  
  36  6:49  Stimpack  
  36  6:53  Siege Tank  
  41  7:00  SCV  
  41  7:01  SCV  
  43  7:11  Marine x3  
  43  7:13  SCV x2  
  43  7:14  Refinery  
  48  7:16  Unknown  
  48  7:17  Medivac  
  50  7:24  Orbital Command  
  50  7:25  Cyclone  
  54  7:30  Medivac  
  54  7:31  Supply Depot  
  56  7:38  Marine  
  57  7:56  Factory Tech Lab  
  57  7:57  Cyclone  
  61  8:02  Supply Depot  
  61  8:07  Marauder x3  
  63  8:28  Marauder x3  
  63  8:30  Cyclone x2  
  77  9:07  Liberator  
  77  9:20  Marine x3  
  77  9:21  Marine x2  
  77  9:23  Medivac x3  
  88  9:27  Siege Tank x2  
  88  9:29  SCV x3  
  100  9:39  Armory, Marauder x3  
  100  9:41  SCV x3  
  109  9:53  SCV x2  
  100  10:29  Marine x2  
  100  10:30  Marauder  
  100  10:31  Marauder x2  
  108  10:40  Thor  
  114  10:46  Thor  
  114  10:49  Terran Vehicle Weapons Level 1  
  120  10:51  Marauder  
  120  10:52  Marauder x2  
  126  11:13  Marauder  
  128  11:27  Orbital Command  
  128  11:38  Terran Infantry Weapons Level 2  
  128  11:59  Marine x5  
  128  12:01  Medivac x4  
  141  12:36  Marine x4, SCV x3  
  148  12:48  SCV x3  
  75  13:29  Liberator  
  75  13:37  Refinery  
  75  13:46  Medivac x3  
  84  13:49  Marine x2, Marauder x3  
  84  13:50  Siege Tank x2  
  98  13:58  Liberator  
  98  14:07  Marine x2  
  98  14:08  Refinery  
  100  14:10  Marine  
  94  14:21  Unknown, Command Center  
  94  14:22  Siege Tank  
  94  14:23  Cyclone  
  67  14:54  Cyclone  
  55  15:15  Marine  
  55  15:16  Marine x3  
  59  15:32  Unknown  
  59  15:33  Marine x2  
  59  15:34  Marine x2  
  63  15:35  Refinery  
  63  16:01  Refinery  
  63  16:13  Marine x4  
  67  16:18  Orbital Command  
  67  16:30  Marine  
  67  16:31  Marine  
  69  16:55  Factory Tech Lab  
  69  16:56  Barracks Tech Lab x2  
  69  16:57  Barracks Reactor x2  
  65  17:45  Orbital Command  
  65  17:55  Medivac  
  65  17:56  Medivac x3  
  65  17:58  Marine x6  
  74  18:01  Siege Tank  
  74  18:02  Siege Tank  
  63  18:15  Marine  
  63  18:16  Marine x5  
  69  18:28  SCV x3  
  72  18:35  Liberator  
  72  18:40  SCV x3  
  75  18:42  Marine x5  
  75  18:45  Widow Mine  
  75  18:47  Widow Mine  
  84  18:52  SCV x3  
  90  19:04  SCV  
  92  19:15  Hellion  
  92  19:16  Hellion  
  69  19:54  Marine x6  
  69  19:57  Cyclone  
  69  19:58  Cyclone  
  83  20:12  Marine x6  
  82  20:29  Marine  
  82  20:30  Marine  
  82  20:31  Marauder x2  
Show
View Real Time Build Order
Export as new Build Order

Ladko Terran - Winner!

Build Orders: Reaper Expand, MMM Bio 

Get SALT Encoding   

  12  0:01  SCV  
  13  0:13  SCV  
  14  0:22  Supply Depot  
  14  0:25  SCV  
  15  0:29  Refinery  
  15  0:44  SCV  
  15  0:48  Barracks  
  16  0:57  SCV  
  17  1:10  SCV  
  18  1:24  SCV  
  19  1:35  Reaper  
  20  1:46  Unknown, Command Center  
  20  1:47  Orbital Command  
  20  2:01  Supply Depot  
  20  2:19  SCV  
  20  2:20  Refinery  
  21  2:25  Factory  
  21  2:31  SCV  
  22  2:44  Marine  
  23  2:52  Barracks, SCV  
  23  2:58  Unknown  
  24  3:02  Marine  
  25  3:20  Orbital Command  
  24  3:42  SCV  
  25  3:51  Starport  
  25  3:54  Factory Tech Lab, SCV  
  25  3:55  Barracks  
  26  3:58  Barracks Reactor  
  26  4:02  Barracks Tech Lab  
  26  4:06  SCV  
  26  4:12  SCV  
  26  4:16  Refinery  
  27  4:21  Marauder  
  29  4:24  Stimpack  
  29  4:30  Barracks  
  29  4:33  Barracks  
  29  4:38  SCV  
  30  4:42  SCV  
  31  4:46  Marine  
  31  4:47  Marine  
  31  4:50  Starport Reactor, SCV  
  34  4:54  SCV  
  34  4:59  Engineering Bay  
  35  5:03  Barracks Tech Lab  
  35  5:04  Factory  
  35  5:07  Marine  
  35  5:13  Marine  
  37  5:24  Siege Tank  
  37  5:25  Engineering Bay  
  37  5:26  Marauder  
  37  5:27  Combat Shields  
  42  5:29  Barracks Reactor  
  42  5:30  Medivac  
  42  5:33  Medivac  
  46  5:48  Missile Turret  
  46  5:58  Supply Depot  
  46  6:04  Supply Depot  
  46  6:07  Supply Depot  
  46  6:16  Barracks Tech Lab  
  46  6:20  SCV x2, Marauder x2  
  46  6:22  Supply Depot  
  52  6:26  Supply Depot  
  52  6:30  Factory Reactor, Supply Depot  
  52  6:31  Siege Tank  
  55  6:41  SCV x2  
  57  6:53  SCV x2  
  59  7:00  Missile Turret  
  58  7:22  Missile Turret  
  58  7:25  Terran Infantry Weapons Level 1  
  58  7:27  Armory, Terran Infantry Armor Level 1  
  58  7:32  Missile Turret  
  58  7:38  SCV x2  
  58  7:42  Marine x2, Marauder x3  
  58  7:43  Marine x2  
  70  7:46  Missile Turret  
  70  7:50  Supply Depot, SCV x2  
  72  7:51  Supply Depot  
  72  7:52  Missile Turret  
  72  7:58  Supply Depot  
  72  8:01  Medivac x2  
  72  8:04  Widow Mine x2  
  80  8:06  Siege Tank  
  83  8:13  Supply Depot  
  83  8:14  Supply Depot  
  83  8:21  Supply Depot  
  83  8:30  Sensor Tower  
  83  8:31  SCV x2  
  85  8:36  Refinery  
  85  8:43  SCV  
  85  8:44  Supply Depot, SCV  
  87  9:00  Marauder  
  87  9:01  Marine x4, Marauder x2  
  97  9:05  Medivac x2  
  97  9:06  Supply Depot  
  101  9:31  Marauder  
  101  9:32  Marine x4, Marauder x2  
  111  9:38  Missile Turret, Unknown, Command Center  
  111  9:49  Marine  
  111  9:50  Marine x3  
  115  9:53  Marauder x2  
  115  9:59  Missile Turret  
  119  10:00  Sensor Tower  
  119  10:01  Terran Infantry Weapons Level 2  
  119  10:03  Terran Infantry Armor Level 2  
  96  10:31  Marine, Marauder x3  
  96  10:32  Marine x3  
  96  10:35  Siege Tank  
  109  10:36  Widow Mine x2  
  113  10:50  Unknown  
  113  11:04  Widow Mine x2  
  117  11:32  Marine x2, Marauder x3  
  123  11:33  Marine x2  
  123  11:35  Widow Mine x2  
  123  11:36  Siege Tank  
  134  12:08  Siege Tank  
  137  12:17  Orbital Command  
  137  12:23  Refinery  
  137  12:24  Terran Infantry Weapons Level 3  
  137  12:25  Terran Infantry Armor Level 3  
  137  12:32  Marine x2, Marauder x3  
  137  12:33  Marine x2  
  147  12:50  Marine, Refinery  
  138  12:53  Marauder  
  138  12:57  Marauder  
  138  12:58  Marine x3, Marauder  
  117  13:08  Marine  
  118  13:15  Marine, Marauder  
  121  13:32  Marine x2  
  121  13:33  Marine  
  124  13:34  Marauder  
  124  13:35  Marauder  
  128  13:49  Marine  
  128  13:50  Marine  
  128  13:54  Marauder  
  128  14:35  Medivac x2  
  122  15:12  Marauder x2  
  122  15:13  Marine x3, Marauder  
  122  15:14  Marine  
  120  15:32  Marine x4  
  120  15:33  Marauder  
  120  15:34  Marauder  
  118  15:55  Marine  
  118  15:56  Marine x5  
  120  15:58  Marauder  
  120  16:00  Medivac x2  
  118  16:14  Marauder  
  118  16:15  Marauder  
  118  16:17  Siege Tank  
  125  16:19  Widow Mine  
  125  16:21  Widow Mine  
  129  16:29  Starport  
  129  16:30  Medivac x2  
  129  16:31  Barracks  
  133  16:49  Siege Tank  
  136  17:06  Marauder x2  
  136  17:07  Marine x4, Marauder  
  126  17:22  Barracks  
  106  17:24  Marine  
  106  17:25  Marine x3  
  106  17:27  Marine  
  106  17:28  Marauder x2  
  115  17:40  Unknown, Command Center  
  115  17:47  Barracks Reactor  
  115  17:50  Medivac x2  
  119  18:00  Marine  
  119  18:01  Marine x3  
  119  18:02  Marauder x2  
  119  18:03  Marauder  
  129  18:15  Marine  
  129  18:18  Marine  
  131  18:24  Marauder x3  
  137  18:44  Medivac x2  
  137  18:45  Marauder  
  143  18:51  Unknown, Marauder  
  143  18:52  Marine x3, Marauder  
  143  18:53  Marine x2  
  143  18:54  Marine  
  153  18:58  Barracks Reactor  
  153  19:00  Unknown, Command Center  
  151  19:26  Marauder x2  
  151  19:27  Marine x5, Marauder  
  151  19:28  Marine  
  163  20:11  Unknown  
Tags
 
Add a new tag
Caveats
  • Supply blocks, unpowered buildings, or Contaminate may cause inaccurate times.
  • Supply counts are checked every 10 seconds.